 Dungeon Crawl Stone Soup version 0.28-b1-70-g80dc712255 (webtiles) character file.

Game seed: 1677607062410610278

69 Prodoman the Magician (level 4, -4/30 HPs)
             Began as a Demonspawn Hedge Wizard on Feb 4, 2022.
             Slain by Sigmund (13 damage)
             ... on level 2 of the Dungeon.
             The game lasted 00:14:45 (1672 turns).

Prodoman the Magician (Demonspawn Hedge Wizard)     Turns: 1672, Time: 00:14:46

Health: -4/30      AC:  3    Str: 11    XL:     4   Next: 2%
Magic:  10/10      EV: 12    Int: 17    God:
Gold:   58         SH:  0    Dex: 12    Spells: 8/11 levels left

rFire   . . .      SeeInvis .   n - +0 dagger (venom)
rCold   . . .      Faith    .   (no shield)
rNeg    . . .      Spirit   .   e - +0 leather armour
rPois   .          Reflect  .   c - +0 hat
rElec   .          Harm     .   (no cloak)
rCorr   .          Rampage  .   (no gloves)
Will    .....                   (no boots)
Stlth   ++........              (no amulet)
HPRegen 0.10/turn               (no ring)
MPRegen 0.12/turn               (no ring)

@: no status effects
A: hooves 1, foul stench 1, demonic magic 1
a: no special abilities


You were on level 2 of the Dungeon.
You visited 1 branch of the dungeon, and saw 2 of its levels.

You collected 58 gold pieces.

Inventory:

Hand Weapons
 a - a +0 dagger
 n - a +0 dagger of venom (weapon)
Armour
 b - a +0 robe
 c - a +0 hat (worn)
 e - a +0 leather armour (worn)
 l - a +0 buckler
Scrolls
 d - a scroll of brand weapon {unknown}
 g - 2 scrolls of identify {unknown}
 h - a scroll of blinking {unknown}
 i - a scroll of teleportation {unknown}
 j - a scroll of vulnerability {unknown}
 k - 2 scrolls of enchant armour {unknown}
Potions
 f - a potion of haste {unknown}
 m - a potion of might {unknown}
 o - 2 potions of heal wounds {unknown}


   Skills:
 + Level 2.6 Dodging
 - Level 1.8 Stealth
 * Level 4.1 Spellcasting
 - Level 1.0 Conjurations
 - Level 1.0 Summonings
 - Level 1.0 Translocations


You had 8 spell levels left.
You knew the following spells:

 Your Spells              Type           Power      Damage    Failure   Level
a - Magic Dart            Conj           28%        1d4       13%         1
b - Static Discharge      Conj/Air       5%         N/A       26%         2

Your spell library contained the following spells:

 Spells                   Type           Power      Damage    Failure   Level
 Slow                     Hex            12%        N/A       21%         1
 Blink                    Tloc           12%        N/A       21%         2
 Call Imp                 Summ           7%         N/A       21%         2
 Conjure Flame            Conj/Fire      5%         6-21      45%         3
 Mephitic Cloud           Conj/Pois/Air  4%         N/A       47%         3
 Sticky Flame             Conj/Fire      5%         2d3       86%         4
 Dispel Undead            Necr           3%         3d7       90%         4


Dungeon Overview and Level Annotations

Branches:
Dungeon (2/15)

Altars:

Annotations:
D:2 Sigmund


Innate Abilities, Weirdness & Mutations

You have large cloven feet.
You may rarely emit foul miasma when damaged in melee.
Spells you cast may paralyse adjacent enemies.


Message History

Your feet thicken and deform.
Sorry, you're not good enough to have a special ability.
Found 18 stones.
Found 7 gold pieces.
A bat comes into view.
Found a scroll labelled RICUIPLOAN.
The bat moves out of view.
The bat hits you.
You barely miss the bat. The bat misses you.
The bat hits you but does no damage.
You see here 7 gold pieces.
The bat closely misses you.
You see here 7 gold pieces.
You now have 58 gold pieces (gained 7).
The bat hits you.
You emit a cloud of foul miasma!
The bat is engulfed in dark miasma.
The bat is poisoned.
The bat barely misses you.
The bat is engulfed in dark miasma.
The bat looks even sicker.
The bat seems to slow down.
You kill the bat!
You see here a bat corpse.
k - 2 scrolls labelled RICUIPLOAN (gained 1) Sigmund the Dreaded comes into view.
He is wielding a +0 scythe.
Sigmund shouts!
You hear a shout!
Sigmund casts a spell at you. The magic dart hits you!
Sigmund points at you and mumbles some strange words.
You resist with some effort.
Sigmund casts a spell.
Sigmund flickers and vanishes!
Deactivating autopickup; reactivate with Ctrl-A.
Something tries to affect you, but you resist.
Something hits you!
Casting: Magic Dart (safe; 13% risk of failure)
Confirm with . or Enter, or press ? or * to list all spells.
You can't see any susceptible monsters within range! (Use Z to cast anyway.) Unknown command.
Something hits you!
* * * LOW HITPOINT WARNING * * *
You miss something. Your kick misses something. You hit something.
You kick something. Something hits you!
You die...

#........# #####.......#.....#
##.#.....##########.......#.....#
#.........†.........÷....#)..###
##.......########............#
####.##..######......###..###
#..........#.#.##..#...#
#.###........#.##.....##
#.########..##..#.#...# #..#
#.....@{........#####
##.#...#...............>.###
##.#.# #............#.......
#....# #..............##...#
#..### #.<.................. #..#
#............######.# #..#
#............... #.. #####..#
#.............# ### #......#
#######....#...


There were no monsters in sight!

Vanquished Creatures
  2 adders (D:2)
  A worm (D:2)
  A dart slug (D:1)
  5 bats
  5 endoplasms
  A giant cockroach (D:2)
  6 goblins
  4 hobgoblins (D:1)
  3 jackals (D:2)
  A quokka (D:1)
  5 ball pythons
  2 frilled lizards
  2 kobolds
  3 rats (D:1)
41 creatures vanquished.

Vanquished Creatures (others)
  3 fungi (D:1)
  2 plants (D:1)
5 creatures vanquished.

Grand Total: 46 creatures vanquished

Notes
Turn   | Place    | Note
-------+----------+-------------------------------------------
     0 | D:1      | Prodoman the Demonspawn Hedge Wizard began the quest for
                  | the Orb.
     0 | D:1      | Reached XP level 1. HP: 13/13 MP: 4/4
    81 | D:1      | Reached skill level 1 in Translocations
   131 | D:1      | Gained mutation: Spells you cast may paralyse adjacent
                  | enemies. [demonic ancestry]
   131 | D:1      | Reached XP level 2. HP: 19/19 MP: 3/6
   198 | D:1      | Found a faded altar of an unknown god.
  1242 | D:2      | Learned a level 2 spell: Static Discharge
  1244 | D:2      | Gained mutation: You may rarely emit foul miasma when
                  | damaged in melee. [demonic ancestry]
  1244 | D:2      | Reached XP level 3. HP: 24/24 MP: 2/8
  1386 | D:2      | Reached skill level 4 in Spellcasting
  1582 | D:2      | Gained mutation: You have large cloven feet. [demonic
                  | ancestry]
  1582 | D:2      | Reached XP level 4. HP: 26/30 MP: 5/10
  1655 | D:2      | Noticed Sigmund
  1672 | D:2      | Slain by Sigmund

Illustrated notes

Levels and vault maps discovered:
D:1:      heliophobic_arrival_dark_side_of_the_moon, layout_basic,
          shapermc_ecumenical_altar_ellora, minmay_bisected
D:2:      layout_rooms, basic_altar, nrook_mini_backslash, uniq_sigmund

Skill      XL: |  1  2  3 |
---------------+----------+-----
Translocations | 1 |  1.0
Dodging        | 2 |  2.6
Spellcasting   | 4 |  4.1
Stealth        | |  1.8
Conjurations   | |  1.0
Summonings     | |  1.0

Action                   |  1- 3 |  4- 6 || total
-------------------------+-------+-------++-------
Melee: Dagger            |    93 |     3 ||    96
       Punch             |     2 |       ||     2
       Kick              |       |     1 ||     1
 Cast: Magic Dart        |    53 |       ||    53
       Static Discharge  |     2 |       ||     2
 Stab: Paralysed         |     5 |       ||     5
Armor: Leather armour    |    22 |     1 ||    23
Dodge: Dodged            |    63 |     3 ||    66
